 Dungeon Crawl Stone Soup version 0.29.0-4-gdea44cf6ec (webtiles) character file.

Game seed: 9337509297356923985

574 qw the Chopper (level 7, -8/44 HPs)
             Began as a Gargoyle Fighter on Sept 9, 2022.
             Mangled by Pikel
             ... wielding a +1 whip of freezing
              (9 damage)
             ... on level 4 of the Dungeon.
             The game lasted 00:02:48 (3523 turns).

qw the Chopper (Gargoyle Fighter)                   Turns: 3523, Time: 00:02:49

Health: -8/44      AC: 13    Str: 19 (21) XL:     7   Next: 34%
Magic:  0/7        EV:  9    Int:  7 (9)  God:
Gold:   104        SH:  8    Dex:  8 (9)  Spells: 6/6 levels left

rFire   . . .      SeeInvis .   Y - +0 war axe
rCold   + . .      Faith    .   c - +0 buckler
rNeg    + . .      Spirit   +   b - +0 scale mail
rPois   inf        Reflect  .   (helmet restricted)
rElec   +          Harm     .   (no cloak)
rCorr   .          Rampage  .   g - +1 pair of gloves
Will    +....                   (no boots)
Stlth   ..........              k - amulet of guardian spirit
HPRegen 0.14/turn               f - ring of willpower
MPRegen 0.10/turn               s - ring of protection from cold

@: about to teleport
A: sickness immunity, AC +4, negative energy resistance 1, electricity
resistance, torment resistance 1, petrification resistance, horns 1, large bone
plates 1, deterioration 1
a: no special abilities


You were on level 4 of the Dungeon.
You visited 1 branch of the dungeon, and saw 4 of its levels.

You collected 104 gold pieces.


Innate Abilities, Weirdness & Mutations

You are immune to sickness and miasma.
Your stone body is resilient. (AC +4)
You are immune to poison.
You resist negative energy. (rN+)
You are resistant to electric shocks. (rElec)
You are resistant to unholy torment.
You are immune to petrification.
You have a pair of small horns on your head.
You are partially covered in large bone plates. (SH +4)
Your body sometimes deteriorates upon taking damage.


   Skills:
 - Level 5.5 Fighting
 + Level 6.0 Axes
 - Level 3.2 Armour
 - Level 1.0 Dodging
 - Level 3.2 Shields


You had 6 spell levels left.
You didn't know any spells.
Your spell library was empty.

Inventory:

Hand Weapons
 l - a +0 morningstar
 Y - a +0 war axe (weapon)
Armour
 b - a +0 scale mail (worn)
 c - a +0 buckler (worn)
 g - a +1 pair of gloves (worn)
Jewellery
 e - a ring of resist corrosion
 f - a ring of willpower (left hand)
 h - a ring of ice
 k - an amulet of guardian spirit (around neck)
 s - a ring of protection from cold (right hand)
Scrolls
 a - a scroll of identify
Potions
 d - a potion of might
 i - a potion of cancellation
 m - 3 potions of curing
 n - a potion of berserk rage {unknown}
 p - a potion of resistance

Dungeon Overview and Level Annotations

Branches:
Dungeon (4/15)
 Temple: D:4-7

Altars:

Annotations:
D:3 Eustachio
D:4 Pikel


Message History

The gnoll barely misses you.
You closely miss the lemure.
The lemure is almost dead.
You closely miss Pikel. You hit the lemure but do no damage.
You hit the lemure. The gnoll hits you but does no damage.
You block the lemure's attack. Pikel hits you but does no damage.
You block the lemure's attack.
The gnoll hits you from afar with a +0 spear.
The lemure closely misses you.
You hit the lemure.
You kill the lemure!
That felt strangely unrewarding.
You hit the lemure. You closely miss Pikel. You completely miss the lemure.
The lemure barely misses you.
The gnoll hits you from afar with a +0 spear. x2
Pikel hits you with a +1 whip of freezing.
The lemure hits you but does no damage. You block the lemure's attack.
The gnoll barely misses you. Pikel completely misses you.
The gnoll hits you from afar with a +0 spear.
The lemure hits you!
3521 ||| READING scroll of teleportation.
As you read the scroll of teleportation, it crumbles to dust.
You feel strangely unstable. You block the lemure's attack.
The gnoll closely misses you. The gnoll barely misses you.
You block the lemure's attack.
Pikel hits you with a +1 whip of freezing.
You hit the lemure but do no damage.
The lemure is heavily wounded.
You barely miss the lemure. You hit Pikel but do no damage.
The gnoll closely misses you. You block the lemure's attack.
The gnoll barely misses you.
Pikel says, "You'll feel the lick of my whip!"
Pikel hits you but does no damage. The lemure hits you but does no damage.
You slash the lemure!
You headbutt the lemure, but do no damage.
The lemure is almost dead.
You closely miss Pikel. You miss the lemure. The lemure barely misses you.
The gnoll hits you from afar with a +0 spear.
Pikel hits you with a +1 whip of freezing!
You die...

,,** #..# **,,,
,,,** #..# **,,,
,,,,* ##..## **,,,,
,,,,**#....###
*,,,,,
,,,,,#..##...##
*,,,,,
,,,....#*###..##
**,,,, ,,...##*
##..#########**
**,,, **..>*
###.........,* ***,
*,.#**
*#)@5.$....,** **
,,**
**#.5K.w.....,,* ,**
#....g.g.....,,* **
******
#............,,* #
**,,,,**
#............,,* #
*,,,,,,*
##...$.......,,**
#**,,,,,,**
#...........,,,**
#*,,,,,,,,*
#...........,,,,***
#*,,,,,,,,*
**,,,,,,,,,,,,,,,,**


You could see Pikel, 2 lemures, a worm and 2 gnolls.

Vanquished Creatures
  Sigmund (D:3)
  An ogre (D:4)
  2 lemures (D:4)
  A bullfrog (D:4)
  An orc priest (D:4)
  Ijyb (D:3)
  Natasha (thrice) (D:3)
  A gnoll (D:4)
  5 adders
  4 dart slugs
  9 orcs
  3 bats
  5 endoplasms
  3 giant cockroaches
  13 goblins
  2 hobgoblins
  2 jackals (D:3)
  7 kobolds
  A quokka (D:1)
  5 ball pythons
  A frilled lizard (D:1)
  3 rats
74 creatures vanquished.

Notes
Turn   | Place    | Note
-------+----------+-------------------------------------------
     0 | D:1      | qw the Gargoyle Fighter began the quest for the Orb.
     0 | D:1      | Reached XP level 1. HP: 14/14 MP: 1/1
     0 | D:1      | 0 ||| qw: Version: 0.1-a-113-g051387a
     0 | D:1      | 0 ||| qw: Game counter: 7348
     0 | D:1      | 0 ||| qw: Always use a shield: true
     0 | D:1      | 0 ||| qw: God list: Okawaru
     0 | D:1      | 0 ||| qw: Allow faded altars: false
     0 | D:1      | 0 ||| qw: Do Orc after D:15 true
     0 | D:1      | 0 ||| qw: Do second Lair branch before Depths: true
     0 | D:1      | 0 ||| qw: Lair rune preference: random
     0 | D:1      | 0 ||| qw: Plans: Normal, Zot, God:TSO, Crypt, Tomb, Zig,
                  | Orb
     0 | D:1      | 0 ||| PLANNING D:1-11
    48 | D:1      | Reached skill level 2 in Axes
    52 | D:1      | Reached XP level 2. HP: 17/19 MP: 2/2
   491 | D:1      | Found a faded altar of an unknown god.
   494 | D:1      | 494 ||| DROPPING +0 club.
   531 | D:1      | You fall into a shaft and drop 1 floor!
   532 | D:2      | 532 ||| UPGRADING to ring of willpower.
   533 | D:2      | 533 ||| READING 2 scrolls labelled POGAPUDUXI.
   575 | D:1      | Reached skill level 3 in Axes
   716 | D:1      | 716 ||| READING scroll labelled KES UPOQIAV.
   720 | D:1      | 720 ||| DRINKING 2 grey potions.
   721 | D:1      | 721 ||| DROPPING potion of brilliance.
   756 | D:2      | Reached XP level 3. HP: 23/23 MP: 3/3
   795 | D:2      | 795 ||| Stepping ~*~*~tactically~*~*~ (stealth).
  1101 | D:2      | Reached XP level 4. HP: 28/28 MP: 4/4
  1131 | D:2      | 1131 ||| Stepping ~*~*~tactically~*~*~ (hiding).
  1134 | D:2      | 1134 ||| Stepping ~*~*~tactically~*~*~ (hiding).
  1418 | D:2      | 1418 ||| UPGRADING to +0 pair of gloves.
  1423 | D:2      | 1423 ||| UPGRADING to ring of protection from cold.
  1424 | D:2      | 1424 ||| READING scroll labelled GOEMEU LAUTEB.
  1525 | D:2      | 1525 ||| READING scroll labelled BOETUWNEJIS.
  1525 | D:2      | Identified a scroll of acquirement
  1525 | D:2      | 1525 ||| ACQUIRING amulet of guardian spirit
  1525 | D:2      | Acquired an amulet of guardian spirit
  1527 | D:2      | 1527 ||| UPGRADING to amulet of guardian spirit.
  1532 | D:2      | 1532 ||| READING scroll labelled FASAM LEEXUSI.
  1533 | D:2      | 1533 ||| READING scroll labelled SAIM SUEXETT.
  1534 | D:2      | 1534 ||| DRINKING 2 sedimented cyan potions.
  1535 | D:2      | 1535 ||| DRINKING 2 bubbling amethyst potions.
  1535 | D:2      | Gained mutation: You have a pair of small horns on your
                  | head. [potion of mutation]
  1535 | D:2      | Gained mutation: Potions are less effective at restoring
                  | your health. [potion of mutation]
  1535 | D:2      | Gained mutation: Your body sometimes deteriorates upon
                  | taking damage. [potion of mutation]
  1535 | D:2      | Gained mutation: Your muscles are strong. (Str +4, Int/Dex
                  | -1) [potion of mutation]
  1536 | D:2      | 1536 ||| DRINKING potion of mutation.
  1536 | D:2      | Lost mutation: Potions are less effective at restoring your
                  | health. [potion of mutation]
  1536 | D:2      | Lost mutation: Your muscles are strong. (Str +4, Int/Dex
                  | -1) [potion of mutation]
  1536 | D:2      | Gained mutation: You are partially covered in large bone
                  | plates. (SH +4) [potion of mutation]
  1537 | D:2      | 1537 ||| READING 3 scrolls of identify.
  1537 | D:2      | 1537 ||| IDENTIFYING sedimented coppery potion
  1538 | D:2      | 1538 ||| READING 2 scrolls of identify.
  1538 | D:2      | 1538 ||| IDENTIFYING puce potion
  1539 | D:2      | 1539 ||| DROPPING potion of magic.
  1593 | D:3      | 1593 ||| Stepping ~*~*~tactically~*~*~ (hiding).
  1713 | D:3      | Reached skill level 4 in Axes
  1716 | D:3      | Noticed Natasha
  1717 | D:3      | 1717 ||| Stepping ~*~*~tactically~*~*~ (stealth).
  1764 | D:3      | 1764 ||| Stepping ~*~*~tactically~*~*~ (stealth).
  1803 | D:3      | Killed Natasha
  1910 | D:3      | Noticed Ijyb
  1920 | D:3      | Killed Ijyb
  1921 | D:3      | Reached XP level 5. HP: 31/32 MP: 5/5
  1990 | D:3      | Noticed Natasha
  1991 | D:3      | 1991 ||| Stepping ~*~*~tactically~*~*~ (stealth).
  2005 | D:3      | Killed Natasha
  2006 | D:3      | Reached skill level 5 in Axes
  2183 | D:3      | Noticed Natasha
  2184 | D:3      | 2184 ||| Stepping ~*~*~tactically~*~*~ (hiding).
  2190 | D:3      | Killed Natasha
  2508 | D:3      | Noticed Sigmund
  2520 | D:3      | Killed Sigmund
  2521 | D:3      | Reached XP level 6. HP: 22/40 MP: 4/6
  2683 | D:3      | 2683 ||| DRINKING 2 bubbling brown potions.
  2684 | D:3      | 2684 ||| DRINKING 2 coppery potions.
  2685 | D:3      | 2685 ||| READING 2 scrolls of identify.
  2685 | D:3      | 2685 ||| IDENTIFYING dark potion
  2686 | D:3      | 2686 ||| DROPPING potion of flight.
  2687 | D:3      | 2687 ||| DROPPING potion of degeneration.
  2700 | D:4      | Noticed Eustachio
  2708 | D:4      | 2708 ||| STAIRDANCE
  2736 | D:4      | 2736 ||| STAIRDANCE
  2776 | D:4      | 2776 ||| DROPPING +0 whip.
  2793 | D:4      | 2793 ||| Stepping ~*~*~tactically~*~*~ (stealth).
  2833 | D:4      | 2833 ||| READING scroll labelled LUGIRO VUJAYMO.
  2834 | D:4      | 2834 ||| Stepping randomly (stuck).
  2835 | D:4      | 2835 ||| Stepping randomly (stuck).
  2836 | D:4      | 2836 ||| Stepping randomly (stuck).
  2837 | D:4      | 2837 ||| Stepping randomly (stuck).
  2838 | D:4      | 2838 ||| Stepping randomly (stuck).
  2839 | D:4      | 2839 ||| Stepping randomly (stuck).
  2840 | D:4      | 2840 ||| Stepping randomly (stuck).
  2841 | D:4      | 2841 ||| Stepping randomly (stuck).
  2842 | D:4      | 2842 ||| Stepping randomly (stuck).
  2843 | D:4      | 2843 ||| Stepping randomly (stuck).
  2845 | D:4      | 2845 ||| Stepping randomly (stuck).
  2847 | D:4      | 2847 ||| Stepping randomly (stuck).
  2849 | D:4      | 2849 ||| Stepping randomly (stuck).
  2850 | D:4      | 2850 ||| Stepping randomly (stuck).
  2851 | D:4      | 2851 ||| Stepping randomly (stuck).
  2852 | D:4      | 2852 ||| Stepping randomly (stuck).
  2853 | D:4      | 2853 ||| Stepping randomly (stuck).
  2855 | D:4      | 2855 ||| Stepping randomly (stuck).
  2856 | D:4      | 2856 ||| Stepping randomly (stuck).
  2857 | D:4      | 2857 ||| Stepping randomly (stuck).
  2858 | D:4      | 2858 ||| Stepping randomly (stuck).
  2859 | D:4      | 2859 ||| Stepping randomly (stuck).
  2860 | D:4      | 2860 ||| Stepping randomly (stuck).
  2861 | D:4      | 2861 ||| Stepping randomly (stuck).
  2862 | D:4      | 2862 ||| Stepping randomly (stuck).
  2863 | D:4      | 2863 ||| Stepping randomly (stuck).
  2864 | D:4      | 2864 ||| Stepping randomly (stuck).
  2865 | D:4      | 2865 ||| Stepping randomly (stuck).
  2866 | D:4      | 2866 ||| Stepping randomly (stuck).
  2867 | D:4      | 2867 ||| Stepping randomly (stuck).
  2868 | D:4      | 2868 ||| Stepping randomly (stuck).
  2869 | D:4      | 2869 ||| Stepping randomly (stuck).
  2870 | D:4      | 2870 ||| Stepping randomly (stuck).
  2871 | D:4      | 2871 ||| Stepping randomly (stuck).
  2872 | D:4      | 2872 ||| Stepping randomly (stuck).
  2873 | D:4      | 2873 ||| Stepping randomly (stuck).
  2874 | D:4      | 2874 ||| Stepping randomly (stuck).
  2875 | D:4      | 2875 ||| Stepping randomly (stuck).
  2876 | D:4      | 2876 ||| Stepping randomly (stuck).
  2877 | D:4      | 2877 ||| Stepping randomly (stuck).
  2878 | D:4      | 2878 ||| Stepping randomly (stuck).
  2879 | D:4      | 2879 ||| Stepping randomly (stuck).
  2880 | D:4      | 2880 ||| Stepping randomly (stuck).
  2881 | D:4      | 2881 ||| Stepping randomly (stuck).
  2882 | D:4      | 2882 ||| Stepping randomly (stuck).
  2883 | D:4      | 2883 ||| Stepping randomly (stuck).
  2884 | D:4      | 2884 ||| Stepping randomly (stuck).
  2885 | D:4      | 2885 ||| Stepping randomly (stuck).
  2886 | D:4      | 2886 ||| Stepping randomly (stuck).
  2887 | D:4      | 2887 ||| Stepping randomly (stuck).
  2888 | D:4      | 2888 ||| Stepping randomly (stuck).
  2889 | D:4      | 2889 ||| Stepping randomly (stuck).
  2891 | D:4      | 2891 ||| Stepping randomly (stuck).
  2893 | D:4      | 2893 ||| Stepping randomly (stuck).
  2895 | D:4      | 2895 ||| Stepping randomly (stuck).
  2896 | D:4      | 2896 ||| Stepping randomly (stuck).
  2897 | D:4      | 2897 ||| Stepping randomly (stuck).
  2899 | D:4      | 2899 ||| Stepping randomly (stuck).
  2901 | D:4      | 2901 ||| Stepping randomly (stuck).
  2903 | D:4      | 2903 ||| Stepping randomly (stuck).
  2905 | D:4      | 2905 ||| Stepping randomly (stuck).
  2907 | D:4      | 2907 ||| Stepping randomly (stuck).
  2908 | D:4      | 2908 ||| Stepping randomly (stuck).
  2909 | D:4      | 2909 ||| Stepping randomly (stuck).
  2911 | D:4      | 2911 ||| Stepping randomly (stuck).
  2913 | D:4      | 2913 ||| Stepping randomly (stuck).
  2914 | D:4      | 2914 ||| Stepping randomly (stuck).
  2915 | D:4      | 2915 ||| Stepping randomly (stuck).
  2916 | D:4      | 2916 ||| Stepping randomly (stuck).
  2917 | D:4      | 2917 ||| Stepping randomly (stuck).
  2918 | D:4      | 2918 ||| Stepping randomly (stuck).
  2919 | D:4      | 2919 ||| Stepping randomly (stuck).
  2920 | D:4      | 2920 ||| Stepping randomly (stuck).
  2921 | D:4      | 2921 ||| Stepping randomly (stuck).
  2922 | D:4      | 2922 ||| Stepping randomly (stuck).
  2923 | D:4      | 2923 ||| Stepping randomly (stuck).
  2924 | D:4      | 2924 ||| Stepping randomly (stuck).
  2925 | D:4      | 2925 ||| Stepping randomly (stuck).
  2926 | D:4      | 2926 ||| Stepping randomly (stuck).
  2927 | D:4      | 2927 ||| Stepping randomly (stuck).
  2928 | D:4      | 2928 ||| Stepping randomly (stuck).
  2929 | D:4      | 2929 ||| Stepping randomly (stuck).
  2931 | D:4      | 2931 ||| Stepping randomly (stuck).
  2933 | D:4      | 2933 ||| Stepping randomly (stuck).
  2934 | D:4      | 2934 ||| Stepping randomly (stuck).
  2935 | D:4      | 2935 ||| Stepping randomly (stuck).
  2937 | D:4      | 2937 ||| Stepping randomly (stuck).
  2939 | D:4      | 2939 ||| Stepping randomly (stuck).
  2941 | D:4      | 2941 ||| Stepping randomly (stuck).
  2942 | D:4      | 2942 ||| Stepping randomly (stuck).
  2943 | D:4      | 2943 ||| Stepping randomly (stuck).
  2944 | D:4      | 2944 ||| Stepping randomly (stuck).
  2945 | D:4      | 2945 ||| Stepping randomly (stuck).
  2946 | D:4      | 2946 ||| Stepping randomly (stuck).
  2947 | D:4      | 2947 ||| Stepping randomly (stuck).
  2948 | D:4      | 2948 ||| Stepping randomly (stuck).
  2949 | D:4      | 2949 ||| Stepping randomly (stuck).
  2950 | D:4      | 2950 ||| Stepping randomly (stuck).
  2951 | D:4      | 2951 ||| Stepping randomly (stuck).
  2952 | D:4      | 2952 ||| Stepping randomly (stuck).
  2953 | D:4      | 2953 ||| Stepping randomly (stuck).
  2954 | D:4      | 2954 ||| Stepping randomly (stuck).
  2955 | D:4      | 2955 ||| Stepping randomly (stuck).
  2956 | D:4      | 2956 ||| Stepping randomly (stuck).
  2957 | D:4      | 2957 ||| Stepping randomly (stuck).
  2958 | D:4      | 2958 ||| Stepping randomly (stuck).
  2959 | D:4      | 2959 ||| Stepping randomly (stuck).
  2960 | D:4      | 2960 ||| Stepping randomly (stuck).
  2961 | D:4      | 2961 ||| Stepping randomly (stuck).
  2962 | D:4      | 2962 ||| Stepping randomly (stuck).
  2963 | D:4      | 2963 ||| Stepping randomly (stuck).
  2965 | D:4      | 2965 ||| Stepping randomly (stuck).
  2966 | D:4      | 2966 ||| Stepping randomly (stuck).
  2967 | D:4      | 2967 ||| Stepping randomly (stuck).
  2968 | D:4      | 2968 ||| Stepping randomly (stuck).
  2969 | D:4      | 2969 ||| Stepping randomly (stuck).
  2970 | D:4      | 2970 ||| Stepping randomly (stuck).
  2971 | D:4      | 2971 ||| Stepping randomly (stuck).
  2972 | D:4      | 2972 ||| Stepping randomly (stuck).
  2973 | D:4      | 2973 ||| Stepping randomly (stuck).
  2974 | D:4      | 2974 ||| Stepping randomly (stuck).
  2975 | D:4      | 2975 ||| Stepping randomly (stuck).
  2976 | D:4      | 2976 ||| Stepping randomly (stuck).
  2977 | D:4      | 2977 ||| Stepping randomly (stuck).
  2978 | D:4      | 2978 ||| Stepping randomly (stuck).
  2979 | D:4      | 2979 ||| Stepping randomly (stuck).
  2980 | D:4      | 2980 ||| Stepping randomly (stuck).
  2981 | D:4      | 2981 ||| Stepping randomly (stuck).
  2982 | D:4      | 2982 ||| Stepping randomly (stuck).
  2983 | D:4      | 2983 ||| Stepping randomly (stuck).
  2984 | D:4      | 2984 ||| Stepping randomly (stuck).
  2985 | D:4      | 2985 ||| Stepping randomly (stuck).
  2986 | D:4      | 2986 ||| Stepping randomly (stuck).
  2987 | D:4      | 2987 ||| Stepping randomly (stuck).
  2988 | D:4      | 2988 ||| Stepping randomly (stuck).
  3009 | D:4      | HP: 8/40 [ogre/+0 giant club (8)]
  3011 | D:4      | Reached XP level 7. HP: 9/44 MP: 1/7
  3321 | D:4      | 3321 ||| Stepping ~*~*~tactically~*~*~ (stealth).
  3328 | D:4      | Reached skill level 6 in Axes
  3392 | D:4      | 3392 ||| READING scroll of enchant armour.
  3392 | D:4      | 3392 ||| ENCHANTING +0 pair of gloves.
  3503 | D:4      | 3503 ||| Stepping ~*~*~tactically~*~*~ (hiding).
  3505 | D:4      | Noticed Pikel
  3511 | D:4      | Reached skill level 1 in Dodging
  3520 | D:4      | HP: 11/44 [Pikel/+1 whip of freezing (1)]
  3520 | D:4      | HP: 5/44 [lemure[Pikel] (5)]
  3521 | D:4      | 3521 ||| READING scroll of teleportation.
  3523 | D:4      | HP: 1/44 [gnoll/+0 spear (2)]
  3523 | D:4      | Mangled by Pikel

Levels and vault maps discovered:
D:1:      nzn_arrival_crosshair, layout_basic,
          hellmonk_ecumenical_altar_pennies_from_heaven,
          chequers_serial_rivers_small_3, hangedman_decor_clover_reticule,
          minivault_27, grunt_decor_cap
D:2:      layout_rooms, minmay_pentomino_u2
D:3:      layout_loops_cross, hangedman_decor_points, uniq_ijyb, uniq_natasha,
          uniq_sigmund
D:4:      minmay_chambers_of_fours, layout_cave_pods, serial_column_ruins,
          column_ruins_grid_1, column_ruins_corridor_straight,
          column_ruins_columns_straight, column_ruins_open_small,
          uniq_eustachio, uniq_edmund, uniq_pikel

Skill      XL: |  1  2  3  4  5  6  7 |
---------------+----------------------+-----
Axes           | 2 3 4 5 6 |  6.0
Fighting       | 5 |  5.5
Dodging        | 1 |  1.0
Armour         | |  3.2
Shields        | |  3.2

Action                   |  1- 3 |  4- 6 |  7- 9 || total
-------------------------+-------+-------+-------++-------
Melee: War axe           |    87 |    97 |    37 ||   221
       Headbutt          |       |    16 |     6 ||    22
  Use: Scroll            |     2 |     8 |     2 ||    12
       Potion            |     1 |     5 |       ||     6
Armor: Scale mail        |    34 |    27 |    30 ||    91
Dodge: Dodged            |    37 |    37 |    34 ||   108
Block: Buckler           |    18 |    23 |    30 ||    71

Table legend:
 A = Non-vault XP
 B = Vault XP
 C = Vault XP percentage of total XP
 D = Non-vault monster count
 E = Vault monster count
 F = Vault count percentage of total count
                 A         B        C        D         E       F
            +---------+---------+-------+---------+---------+-------
      Total |     282 |     538 |  65.6 |      61 |      11 |  15.3
            +---------+---------+-------+---------+---------+-------
        D:1 |      33 |       0 |   0.0 |      18 |       0 |   0.0
        D:2 |      53 |       4 |   7.0 |      16 |       2 |  11.1
        D:3 |     111 |     302 |  73.1 |      18 |       3 |  14.3
        D:4 |      85 |     232 |  73.2 |       9 |       6 |  40.0
            +---------+---------+-------+---------+---------+-------
